 Dungeon Crawl Stone Soup version 0.24.0-13-gcf9b319 (webtiles) character file.

Game seed: 12496765609863085403, levelgen mode: deterministic

24 Ekaitz the Grave Robber (level 3, -3/27 HPs)
             Began as a Hill Orc Necromancer on Dec 5, 2019.
             Slain by a worm (10 damage)
             ... on level 2 of the Dungeon.
             The game lasted 00:05:00 (1434 turns).

Ekaitz the Grave Robber (Hill Orc Necromancer)      Turns: 1434, Time: 00:05:01

Health: -3/27      AC:  3    Str: 11    XL:     3   Next: 2%
Magic:  1/5        EV: 12    Int: 15    God:
Gold:   20         SH:  0    Dex: 11    Spells: 3/5 levels left

rFire    . . .     SeeInvis .   d - +0 dagger
rCold    . . .     Gourm    .   (no shield)
rNeg     . . .     Faith    .   a - +0 robe
rPois    .         Spirit   .   (no helmet)
rElec    .         Reflect  .   (no cloak)
rCorr    .         Harm     .   (no gloves)
MR       .....                  i - +0 pair of boots
Stlth    ++........             (no amulet)
HPRegen  0.09/turn              (no ring)
MPRegen  0.09/turn              (no ring)

@: no status effects
A: no striking features
a: no special abilities


You were on level 2 of the Dungeon.
You were hungry.

You visited 1 branch of the dungeon, and saw 2 of its levels.

You collected 20 gold pieces.

Inventory:

Hand Weapons
 d - a +0 dagger (weapon)
 j - a +0 spear
Missiles
 f - 59 stones (quivered)
 g - 14 bolts
Armour
 a - a +0 robe (worn)
 b - a +2 large shield
 i - a +0 pair of boots (worn)
 l - +1 storm dragon scales
Scrolls
 e - a scroll of teleportation
Potions
 k - a potion of curing {unknown}
 m - 2 potions of haste {unknown}
 n - 2 potions of lignification {unknown}
 p - a potion of invisibility {unknown}
Comestibles
 c - 3 rations


   Skills:
 * Level 0.7 Fighting
 + Level 0.2 Short Blades
 + Level 1.8 Dodging
 + Level 1.6 Stealth
 + Level 1.8 Spellcasting
 + Level 4.3 Necromancy


You had 3 spell levels left.
You knew the following spells:

 Your Spells              Type           Power        Failure   Level  Hunger
a - Pain                  Necr           ##..         3%          1    ##.....
b - Animate Skeleton      Necr           N/A          3%          1    ##.....

Your spell library contained the following spells:

 Spells                   Type           Power        Failure   Level  Hunger
 Vampiric Draining        Necr           ##........   11%         3    ####...
 Regeneration             Chrm/Necr      #.........   28%         3    ####...
 Animate Dead             Necr           N/A          36%         4    #####..


Dungeon Overview and Level Annotations

Branches:
Dungeon (2/15)

Altars:


Message History

Aiming: Pain (safe; 3% risk of failure)
Press: ? - help, Shift-Dir - straight line, f - bat
Aim: a bat (severely wounded, chance to defeat MR: 85%)
The bat writhes in agony.
You kill the bat!
You are feeling hungry.
Your hobgoblin skeleton hits the worm with a +0 club.
The worm bites you.
Your hobgoblin skeleton hits the worm with a +0 club.
You see here a bat corpse.
Your hobgoblin skeleton hits the worm with a +0 club.
Your hobgoblin skeleton hits the worm with a +0 club.
There is a stone staircase leading up here.
Unknown command.
Your hobgoblin skeleton hits the worm with a +0 club.
The worm bites you.
* * * LOW HITPOINT WARNING * * *
Your hobgoblin skeleton hits the worm with a +0 club.
The worm bites you!
You die...

.## ..# #.#
######.#
.......##+##
#......#
#......#
#...%†.####
#.#..Z.@..#
#.##..w...#
#.##.<....#
#.###.....#
#.# #.....#
#.# #.....#
#.# #.#####
#.# #.#


You could see a worm and a friendly hobgoblin skeleton.

Vanquished Creatures
  A dart slug (D:1)
  A giant cockroach (D:1)
  3 goblins (D:1)
  5 hobgoblins
  A kobold (D:1)
  A ball python (D:1)
  3 bats
  4 frilled lizards (D:1)
  A rat (D:1)
20 creatures vanquished.

Vanquished Creatures (collateral kills)
  A giant cockroach (D:1)
  2 kobolds (D:1)
3 creatures vanquished.

Grand Total: 23 creatures vanquished

Notes
Turn   | Place    | Note
-------+----------+-------------------------------------------
     0 | D:1      | Ekaitz the Hill Orc Necromancer began the quest for the
                  | Orb.
     0 | D:1      | Reached XP level 1. HP: 14/14 MP: 3/3
    21 | D:1      | Learned a level 1 spell: Animate Skeleton
   475 | D:1      | Reached XP level 2. HP: 18/20 MP: 0/4
  1406 | D:2      | Reached XP level 3. HP: 24/27 MP: 0/5
  1434 | D:2      | Slain by a worm

Levels and vault maps discovered:
D:1:      elethiomel_arrival_shortcut, layout_loops_ring, serial_park_tiny_1,
          hangedman_feature_mirror
D:2:      minmay_angry_zag, layout_basic

Action                   || total
-------------------------++-------
Melee: Dagger            ||    49
 Cast: Pain              ||    31
       Animate Skeleton  ||     7
  Use: Scroll            ||     3
 Stab: Sleeping          ||     3
  Eat: Chunk             ||     2
Armor: Robe              ||    15
Dodge: Dodged            ||    42
